 Dungeon Crawl Stone Soup version 0.28.0-53-g5a82cb258f (webtiles) character file.

Game seed: 17842101558648369991

8050 SanguineChosen the Cleaver (level 11, -12/101 HPs)
             Began as a Minotaur Berserker on Aug 3, 2022.
             Was a High Priest of Trog.
             Mangled by a cyclops (17 damage)
             ... on level 13 of the Dungeon.
             The game lasted 00:33:45 (10124 turns).

SanguineChosen the Cleaver (Minotaur Berserker)    Turns: 10124, Time: 00:33:46

Health: -12/101    AC: 16    Str: 33    XL:     11   Next: 4%
Magic:  10/10      EV: 13    Int:  4    God:    Trog [*****.]
Gold:   620        SH:  0    Dex: 11    Spells: 10/10 levels left

rFire   . . .      SeeInvis .   x - +6 hand axe of Parts Unknown {vamp, Str+4}
rCold   + + .      Faith    .   (no shield)
rNeg    . . .      Spirit   .   a - +2 ring mail "Katsygg" {rPois rC++ Str+4}
rPois   +          Reflect  .   (helmet restricted)
rElec   .          Harm     .   b - +2 cloak {Will+}
rCorr   .          Rampage  .   s - +2 pair of gloves
Will    ++++.                   (no boots)
Stlth   +.........              F - amulet of the acrobat
HPRegen 1.26/turn               h - +4 ring of slaying
MPRegen 0.12/turn               w - ring of willpower

@: strong-willed, regenerating
A: horns 2, retaliatory headbutt
a: Renounce Religion, Berserk, Trog's Hand, Brothers in Arms


You were on level 13 of the Dungeon.
You worshipped Trog.
Trog was extremely pleased with you.
You visited 1 branch of the dungeon, and saw 13 of its levels.

You collected 724 gold pieces.
You spent 104 gold pieces at shops.

Inventory:

Hand Weapons
 x - the +6 hand axe of Parts Unknown (weapon) {vamp, Str+4}
   (You found it on level 4 of the Dungeon)

   It occasionally heals its wielder for a portion of the damage dealt when it
   wounds a living foe.
   Str:       It affects your strength (+4).
 K - a +4 dire flail
Missiles
 j - 17 poisoned darts (quivered)
 n - 4 silver boomerangs
 C - a curare-tipped dart
Armour
 a - the +2 ring mail "Katsygg" (worn) {rPois rC++ Str+4}
   (You found it on level 10 of the Dungeon)

   Str:       It affects your strength (+4).
   rC:        It greatly protects you from cold.
   rPois:     It protects you from poison.
 b - a +2 cloak of willpower (worn)
 s - a +2 pair of gloves (worn)
 E - +0 acid dragon scales
Jewellery
 h - a +4 ring of slaying (left hand)
 r - a +6 ring of dexterity
 w - a ring of willpower (right hand)
 A - a ring of resist corrosion
 B - the ring "Muboyt" {rF+ rC- Int+6 Dex+3}
   (You found it on level 6 of the Dungeon)

   [ring of protection from fire]

   Int:       It affects your intelligence (+6).
   Dex:       It affects your dexterity (+3).
   rF:        It protects you from fire.
   rC:        It makes you vulnerable to cold.
 F - an amulet of the acrobat (around neck)
Wands
 g - a wand of acid (5)
 p - a wand of polymorph (4)
 u - a wand of iceblast (13)
 v - a wand of flame (62)
 L - a wand of digging (8)
Scrolls
 c - a scroll of blinking
 d - a scroll of fear {unknown}
 e - a scroll of acquirement {unknown}
 k - 2 scrolls of fog
 m - 6 scrolls of teleportation
 o - a scroll of summoning {unknown}
 y - a scroll of magic mapping {unknown}
 D - a scroll of brand weapon
 G - a scroll of immolation {unknown}
 J - a scroll of identify
 M - a scroll of silence {unknown}
Potions
 f - 2 potions of cancellation
 i - a potion of might
 l - a potion of heal wounds
 q - 3 potions of curing
 t - 2 potions of berserk rage {unknown}
 z - a potion of flight {unknown}
 H - a potion of resistance {unknown}
 I - 2 potions of haste {unknown}


   Skills:
 + Level 10.7 Fighting
 + Level 13.9 Axes
 + Level 10.3 Armour
 + Level 5.3 Dodging
 - Level 1.1 Stealth


You had 10 spell levels left.
You didn't know any spells.
Your spell library was empty.

Dungeon Overview and Level Annotations

Branches:
Dungeon (14/15)            Temple (0/1) D:5            Lair (0/6) D:8
    Orc (0/2) D:10
 Vaults: D:13-14

Altars:
Fedhas
Kikubaaqudgha
Nemelex Xobeh
Okawaru
Qazlal
Ru
Sif Muna
Zin
The Shining One

Shops:
D:4 ?

Annotations:
D:10 1 runed translucent door, exclusion: orange crystal statue


Innate Abilities, Weirdness & Mutations

You have a pair of horns on your head.
You reflexively headbutt those who attack you in melee.


Message History

You are engulfed in flames!
The red ugly thing misses you. You furiously retaliate!
You headbutt the red ugly thing, but do no damage.
You hit the red ugly thing. You headbutt the red ugly thing!
The red ugly thing is severely wounded.
You completely miss the red ugly thing. The red ugly thing tentacle-slaps you.
You are engulfed in flames!
You feel better.
The red ugly thing completely misses you.
The red ugly thing tentacle-slaps you!
You are engulfed in flames!!
* * * LOW HITPOINT WARNING * * *
You feel much better. The red ugly thing closely misses you.
The red ugly thing misses you. You furiously retaliate!
You headbutt the red ugly thing. You slash the red ugly thing!
The red ugly thing is severely wounded.
You slash the cyclops!
You feel better.
You slash the red ugly thing!
You feel better. The red ugly thing trunk-slaps you!
You are engulfed in flames!
* * * LOW HITPOINT WARNING * * *
An orc comes into view. It is wielding a +0 whip.
You slash the red ugly thing! Your punch misses the red ugly thing.
The red ugly thing is almost dead.
You hit the cyclops.
You feel better.
You hit the red ugly thing. The red ugly thing barely misses you.
The cyclops barely misses you. You furiously retaliate!
You headbutt the cyclops, but do no damage.
The red ugly thing trunk-slaps you!
* * * LOW HITPOINT WARNING * * *
You are engulfed in flames!!
* * * LOW HITPOINT WARNING * * *
Your skin crawls.
You feel strong-willed.
The red ugly thing tentacle-slaps you but does no damage.
The red ugly thing misses you.
Your ogre goes berserk!
The troll closely misses you. The troll misses you. The troll claws you.
* * * LOW HITPOINT WARNING * * *
The cyclops hits you!
You die...

...#
...## #
#...###..
#......
#.....
#...#
#.T# #@.#


#uCu# #oO.## ...(## ##.## ## You could see 2 ugly things, a cyclops, a troll, an
orc and a friendly ogre (summoned, berserk).

Vanquished Creatures
  A two-headed ogre (D:8)
  An unseen horror (D:11)
  2 hornets
  A wyvern (D:9)
  16 yaks
  3 basilisks (D:8)
  5 steam dragons
  An acid dragon (D:10)
  3 water moccasins
  An ice beast (D:7)
  3 centaurs
  A phantom (D:6)
  A gnoll sergeant (D:6)
  A kobold brigand (D:10)
  2 bullfrogs
  2 scorpions
  A water moccasin skeleton (D:4)
  16 killer bees
  5 spriggan skeletons (D:11)
  A howler monkey (D:9)
  3 wights (D:9)
  A troll skeleton (D:11)
  3 hounds
  3 centaur zombies
  2 orc priests
  Crazy Yiuf (D:2)
  3 bullfrog skeletons
  Natasha (thrice) (D:2)
  3 iguanas
  3 centaur skeletons
  8 orc wizards
  Terence (D:3)
  A killer bee zombie (D:7)
  Robin (D:2)
  3 gnolls (D:6)
  4 adders
  A shadow imp (D:7)
  A white imp (D:6)
  An ufetubus (D:7)
  2 worms
  A dart slug (D:2)
  16 orcs
  6 endoplasms
  6 giant cockroaches
  7 hobgoblins
  2 jackals (D:4)
  2 quokkas
  11 ball pythons
  6 bats
  4 frilled lizards
  14 goblins
  13 kobolds
  2 rats (D:2)
205 creatures vanquished.

Vanquished Creatures (others)
  A fungus (D:8)
  8 plants (D:8)
9 creatures vanquished.

Grand Total: 214 creatures vanquished

Notes
Turn   | Place    | Note
-------+----------+-------------------------------------------
     0 | D:1      | SanguineChosen the Minotaur Berserker began the quest for
                  | the Orb.
     0 | D:1      | Reached XP level 1. HP: 19/19 MP: 0/0
    75 | D:1      | HP: 1/20 [goblin/+0 club (3)]
   456 | D:1      | Reached skill level 4 in Axes
   477 | D:1      | Reached XP level 2. HP: 27/27 MP: 1/1
   717 | D:1      | Found a faded altar of an unknown god.
  1146 | D:2      | Reached ** piety under Trog
  1148 | D:2      | Reached XP level 3. HP: 33/33 MP: 2/2
  1148 | D:2      | Noticed Natasha
  1157 | D:2      | Killed Natasha
  1405 | D:2      | Found a runed translucent door.
  1406 | D:2      | Noticed Crazy Yiuf
  1458 | D:2      | Noticed Robin
  1466 | D:2      | Noticed Natasha
  1471 | D:2      | Killed Robin
  1472 | D:2      | Reached XP level 4. HP: 40/41 MP: 3/3
  1476 | D:2      | Killed Natasha
  1477 | D:2      | Reached skill level 5 in Axes
  1761 | D:2      | Reached skill level 5 in Fighting
  1973 | D:2      | Noticed Natasha
  1983 | D:2      | Killed Natasha
  1984 | D:2      | Reached XP level 5. HP: 44/48 MP: 4/4
  2286 | D:2      | Killed Crazy Yiuf
  2654 | D:3      | Found an iron altar of Okawaru.
  2712 | D:3      | Reached *** piety under Trog
  3021 | D:3      | Noticed Terence
  3027 | D:3      | Killed Terence
  3161 | D:3      | Found a sacrificial altar of Ru.
  3381 | D:4      | Reached skill level 6 in Axes
  3381 | D:4      | Reached skill level 1 in Stealth
  3381 | D:4      | Reached XP level 6. HP: 56/56 MP: 5/5
  3840 | D:4      | Identified the +6 hand axe of Parts Unknown {vamp, Str+4}
  3853 | D:4      | Found a blossoming altar of Fedhas.
  3874 | D:4      | Found Lupt's Magic Scroll Boutique.
  3881 | D:4      | Bought a scroll of identify for 26 gold pieces
  3881 | D:4      | Bought a scroll of identify for 26 gold pieces
  3881 | D:4      | Bought a scroll of identify for 26 gold pieces
  3881 | D:4      | Bought a scroll of identify for 26 gold pieces
  4226 | D:5      | Entered Level 5 of the Dungeon
  4414 | D:5      | Found a staircase to the Ecumenical Temple.
  4446 | D:5      | Found a sparkling altar of Nemelex Xobeh.
  4477 | D:5      | Reached skill level 7 in Axes
  4477 | D:5      | Reached XP level 7. HP: 41/62 MP: 6/6
  4630 | D:5      | Found a glowing silver altar of Zin.
  4777 | D:6      | Identified the ring "Muboyt" {rF+ rC- Int+6 Dex+3}
  4820 | D:6      | Identified the +5 great sword of the New World {vamp, rPois
                  | rC+ Int+3}
  5128 | D:6      | Reached skill level 5 in Armour
  5134 | D:6      | Reached skill level 8 in Axes
  5575 | D:7      | Reached XP level 8. HP: 70/71 MP: 7/7
  6091 | D:7      | Reached **** piety under Trog
  6092 | D:7      | Reached skill level 9 in Axes
  6117 | D:7      | Found an ancient bone altar of Kikubaaqudgha.
  6630 | D:3      | Found a glowing golden altar of the Shining One.
  6967 | D:8      | Found a staircase to the Lair.
  6979 | D:8      | Reached XP level 9. HP: 71/80 MP: 8/8
  6981 | D:8      | Reached skill level 10 in Axes
  7009 | D:8      | Reached skill level 11 in Axes
  7151 | D:8      | Paralysed by a hornet for 3 turns
  7605 | D:8      | Noticed a two-headed ogre
  7615 | D:8      | Killed a two-headed ogre
  7616 | D:8      | Reached skill level 12 in Axes
  7616 | D:8      | Reached XP level 10. HP: 68/91 MP: 9/9
  8384 | D:9      | Reached ***** piety under Trog
  8524 | D:9      | Reached skill level 13 in Axes
  8581 | D:9      | Reached skill level 10 in Fighting
  8897 | D:9      | Reached skill level 5 in Dodging
  8960 | D:10     | Entered Level 10 of the Dungeon
  8960 | D:10     | Found a stormy altar of Qazlal.
  9037 | D:10     | Identified the +2 ring mail "Katsygg" {rPois rC++ Str+4}
  9253 | D:10     | Found a runed translucent door.
  9264 | D:10     | Found a runed translucent door.
  9300 | D:10     | Noticed an orange crystal statue
  9321 | D:10     | Reached skill level 10 in Armour
  9363 | D:10     | Found a runed translucent door.
  9376 | D:10     | Found a runed translucent door.
  9479 | D:10     | Found a staircase to the Orcish Mines.
  9667 | D:10     | Found a shimmering blue altar of Sif Muna.
  9956 | D:11     | Reached XP level 11. HP: 101/101 MP: 10/10
 10066 | D:11     | You fall into a shaft and drop 3 floors!
 10096 | D:14     | Noticed a red ugly thing
 10096 | D:14     | Noticed a red ugly thing
 10122 | D:13     | HP: 3/101 [red ugly thing (22)]
 10124 | D:13     | Mangled by a cyclops

Illustrated notes

Levels and vault maps discovered:
D:1:      matt_arrival_refuge, layout_basic,
          hellmonk_ecumenical_altar_prayer_group
D:2:      layout_basic, uniq_crazy_yiuf_cottage, uniq_robin, uniq_natasha
D:3:      layout_loops_ring, old_standard_altar, nicolae_overflow_hidden_temple,
          minmay_checkerbox, uniq_terence
D:4:      layout_loops_corners, mainiacjoe_overflow_paths, serial_shops, shop
D:5:      layout_rooms, nemelex_spade_bored_becter, amcnicky_altar_gilded,
          minmay_temple_entry_hall
D:6:      layout_basic
D:7:      layout_gridville, nicolae_kikubaaqudgha_miasma_corner
D:8:      layout_gridville, minmay_lair_entry_grove, dk_vineyard_2
D:9:      layout_roguey
D:10:     layout_irregular_city, mainiacjoe_overflow_catch_the_wave,
          orc_0_dummy, roderic_serpentine_path, minmay_statue_crystal_thing
D:11:     layout_roguey, hangedman_tell_no_tales
D:13:     gammafunk_worm_tunnel, layout_layer_cave, uniq_frances
D:14:     layout_grid_maze, david_vaults_4, serial_shops, statue_bzr,
          nicolae_dithmenos_shadow_blocks, gammafunk_ghost_split, uniq_louise

Skill      XL: |  1  2  3  4  5  6  7  8  9 10 |
---------------+-------------------------------+-----
Axes           | 4 5 6 7 8 9 12 13 | 13.9
Fighting       | 4 5 6 7 9 10 | 10.7
Dodging        | 3 4 5 |  5.3
Stealth        | 1 |  1.1
Armour         | 3 5 7 8 10 | 10.3

Action                   |  1- 3 |  4- 6 |  7- 9 | 10-12 || total
-------------------------+-------+-------+-------+-------++-------
Melee: Hand axe          |    54 |    37 |   152 |   187 ||   430
       Headbutt          |    10 |    14 |    37 |    38 ||    99
       Punch             |     2 |       |     2 |     2 ||     6
       War axe           |       |    44 |       |       ||    44
Invok: Trog's Hand       |       |       |       |     1 ||     1
       Brothers in Arms  |       |       |       |     1 ||     1
  Use: Scroll            |     1 |    10 |     5 |     2 ||    18
       Potion            |       |       |       |     2 ||     2
Armor: Animal skin       |    19 |     1 |       |       ||    20
       Scale mail        |       |    15 |    52 |       ||    67
       Chain mail        |       |       |    18 |    30 ||    48
       Ring mail         |       |       |       |    35 ||    35
Dodge: Dodged            |    31 |    34 |    78 |   108 ||   251
